 Dungeon Crawl Stone Soup version 0.31.0-12-g77e489cdc1 (webtiles) character file.

Game seed: 10397697900905985402

131 Killerpretzel the Changeling (level 5, -1/34 HPs)
             Began as an Octopode Shapeshifter on Mar 2, 2024.
             Slain by an orc wizard
             ... wielding a +0 dagger
              (5 damage)
             ... on level 3 of the Dungeon.
             The game lasted 00:01:43 (1713 turns).

Killerpretzel the Changeling (OpSh)                 Turns: 1713, Time: 00:01:43

Health: -1/34      AC:  1    Str: 13    XL:     5   Next: 14%
Magic:  5/5        EV: 13    Int: 12    God:
Gold:   88         SH:  0    Dex: 14    Spells: 4/4 levels left

rFire   + .          .
                       - Unarmed
rCold   . . .        (no shield)
rNeg    . . .        (helmet currently unavailable)
rPois   +            (no amulet)
rElec   .            g - ring of protection from fire
rCorr   .            h - ring of poison resistance
SInv    .            (no ring)
Will    .....        (no ring)
Stlth   ++           (no ring)
HPRegen 0.25/turn    (no ring)
MPRegen 0.09/turn    (no ring)
                     (no ring)

%: no passive effects
@: confused, beast-form
A: beast (slay +2), almost no armour, amphibious, 8 rings, camouflage 1,
gelatinous body 1, (nimble swimmer 1), tentacles
a: Begin Untransformation


You were on level 3 of the Dungeon.
You were a hulking beast.
You visited 1 branch of the dungeon, and saw 3 of its levels.

You collected 88 gold pieces.

Inventory:

Hand Weapons
 k - the +8 falchion of Sunlight {freeze, rCorr Str+5 Stlth-}
   (You found it on level 3 of the Dungeon)

   Str+5:     It affects your strength (+5).
   rCorr:     It protects you from acid and corrosion.
   Stlth-:    It makes you less stealthy.
Jewellery
 g - a ring of protection from fire (left tentacle)
 h - a ring of poison resistance (right tentacle)
Talismans
 b - a beast talisman
 c - a flux talisman
Scrolls
 e - 3 scrolls of identify
 i - 2 scrolls of amnesia
 m - a scroll of teleportation {unknown}
Potions
 a - a potion of lignification
 d - a potion of ambrosia
 f - 4 potions of heal wounds
 j - a potion of resistance
 l - a potion of degeneration {unknown}


   Skills:
 + Level 2.1 Fighting
 + Level 2.8 Dodging
 + Level 3.6 Unarmed Combat
 * Level 4.1 Shapeshifting


You had 4 spell levels left.
You didn't know any spells.
Your spell library was empty.

Dungeon Overview and Level Annotations

Branches:
Dungeon (3/15)

Altars:
Ashenzari
Makhleb
Trog
Xom


Innate Abilities, Weirdness & Mutations

You are a hulking beast.
Your limbs bulge with bestial killing power. (Slay +2)
You cannot wear most types of armour.
You are amphibious.
You can wear up to eight rings at the same time.
Your skin changes colour to match your surroundings (Stealth+).
Your rubbery body absorbs attacks. (AC +1, EV +1)
((You are camouflaged when in or above water. (Stealth+)))
You have tentacles for arms and can constrict up to eight enemies at once.


Message History

You kill the orc!
You tentacle-slap the orc. Your grab misses the orc.
Your squeeze misses the orc.
The orc is almost dead.
The orc completely misses you.
You bludgeon the orc!
You kill the orc!
No target in view!
No target in view!
No target in view!
No target in view!
Something completely misses you.
You miss something. Something hits you.
You tentacle-slap something. Something hits you.
You tentacle-slap something. Something hits you.
You miss something. Something hits you.
You miss something. Something hits you but does no damage.
You tentacle-slap something. Something barely misses you.
You tentacle-slap something. Your squeeze misses something. Something hits you.
You tentacle-slap something but do no damage.
Something hits you.
You closely miss something.
Your tentacle-slap misses something.
Your squeeze misses something.
You hear some strange, mumbled words.
A magic dart appears from out of thin air!
The magic dart hits you!
You completely miss something. Your squeeze misses something.
Something barely misses you.
You barely miss something. You squeeze something. Something hits you.
* * * LOW HITPOINT WARNING * * *
You tentacle-slap something.
You hear some strange, mumbled words.
A puff of flame appears from out of thin air!
The puff of flame hits you. You resist.
* * * LOW HITPOINT WARNING * * *
You closely miss something. Your squeeze misses something.
You hear some strange, mumbled words.
You are confused.
You barely miss something. Your squeeze misses something. Something hits you.
You die...

.......$........
...............[.
.................
#...............
#...............
#...............
#...............
#.......h{.....#
#..............#
#.....####+#+#.# #.....#
#.....####+##.
#.............
#.....>......
#..........##############
#..........#.Htm≈.≈..≈≈.≈


There were no monsters in sight!

Vanquished Creatures
  2 gnolls (D:1)
  5 adders (D:2)
  2 dart slugs (D:2)
  2 ribbon worms (D:2)
  2 orcs (D:3)
  4 endoplasms
  3 goblins
  6 hobgoblins
  4 jackals (D:1)
  6 kobolds
  5 quokkas
  3 ball pythons
  4 bats
  4 frilled lizards
  7 rats
59 creatures vanquished.

Notes
Turn   | Place    | Note
-------+----------+-------------------------------------------
     0 | D:1      | Killerpretzel the Octopode Shapeshifter began the quest for
                  | the Orb.
     0 | D:1      | Reached XP level 1. HP: 13/13 MP: 1/1
    96 | D:1      | Reached XP level 2. HP: 12/18 MP: 2/2
   177 | D:1      | Found a faded altar of an unknown god.
   230 | D:1      | Reached XP level 3. HP: 14/23 MP: 3/3
   690 | D:2      | Reached XP level 4. HP: 26/29 MP: 4/4
   932 | D:2      | Found a shimmering altar of Xom.
  1053 | D:2      | Reached skill level 4 in Shapeshifting
  1233 | D:2      | Reached XP level 5. HP: 27/34 MP: 5/5
  1599 | D:3      | Identified the +8 falchion of Sunlight {freeze, rCorr Str+5
                  | Stlth-}
  1606 | D:3      | Found a bloodstained altar of Trog.
  1606 | D:3      | Found a burning altar of Makhleb.
  1661 | D:3      | Found a broken altar of Ashenzari.
  1665 | D:3      | Saw a vision of the Shoals and the Snake Pit.
  1665 | D:3      | Noticed a wind drake
  1665 | D:3      | Noticed a snapping turtle
  1665 | D:3      | Noticed a sea snake
  1665 | D:3      | Noticed a snapping turtle
  1665 | D:3      | Noticed a merfolk impaler
  1665 | D:3      | Noticed a snapping turtle
  1665 | D:3      | Noticed a merfolk siren
  1665 | D:3      | Noticed a manticore
  1665 | D:3      | Noticed a merfolk
  1665 | D:3      | Noticed a manticore
  1665 | D:3      | Noticed a naga sharpshooter
  1665 | D:3      | Noticed a naga warrior
  1665 | D:3      | Noticed a naga
  1665 | D:3      | Noticed a salamander
  1665 | D:3      | Noticed a naga mage
  1665 | D:3      | Noticed a mana viper
  1665 | D:3      | Noticed a wind drake
  1666 | D:3      | Noticed a naga mage
  1666 | D:3      | Noticed a sea snake
  1668 | D:3      | Noticed a naga sharpshooter
  1713 | D:3      | Slain by an orc wizard

Illustrated notes

Levels and vault maps discovered:
D:1:      lightli_arrival_maybe_door_vault, layout_basic,
          ebering_ecumenical_altar_petrified
D:2:      layout_rooms, basic_altar, minmay_quadrilaterals
D:3:      layout_basic, jmf_multi_god_temple, grunt_ashenzari_visionary
          [grunt_ashenzari_visionary_shoals, grunt_ashenzari_visionary_snake]

Skill      XL: |  1  2  3  4 |
---------------+-------------+-----
Fighting       | 2 |  2.1
Shapeshifting  | 4 |  4.1
Dodging        | |  2.8
Unarmed Combat | |  3.6

Action                     |  1- 3 |  4- 6 || total
---------------------------+-------+-------++-------
  Melee: Unarmed           |    49 |    68 ||   117
         Constrict         |    14 |    13 ||    27
         Tentacles         |     7 |     7 ||    14
         Punch             |       |     1 ||     1
    Use: Scroll            |     1 |     3 ||     4
   Stab: Sleeping          |     5 |     3 ||     8
 Armour: Skin              |    25 |    32 ||    57
  Dodge: Dodged            |    29 |    27 ||    56
